 Dungeon Crawl Stone Soup version 0.21-a0-221-gfe971b9 (webtiles) character file.

216358 tehllama the Alchemist (level 19, -26/126 HPs)
             Began as an Octopode Transmuter on Aug 24, 2017.
             Was an Initiate of Gozag.
             Annihilated by an ettin simulacrum (32 damage)
             ... on level 15 of the Dungeon.
             The game lasted 03:17:07 (44336 turns).

tehllama the Alchemist (Octopode Transmuter)       Turns: 44336, Time: 03:17:07

Health: -26/126    AC: 15    Str: 27    XL:     19   Next: 44%
Magic:  30/30      EV: 28    Int: 25    God:    Gozag
Gold:   773        SH: 10    Dex: 29    Spells: 9/33 levels left

rFire    . . .     SeeInvis +     - Unarmed
rCold    + . .     Gourm    .   M - +2 buckler {rN+}
rNeg     + + +     Faith    .   O - +1 hat of Sunlight {rCorr Dex+3}
rPois    .         Spirit   .   o - amulet "Roumoij" {RegenMP Str+2 Int+3 Dex+3}
rElec    .         Reflect  .   n - ring "Sakhoti" {rCorr rN+ Str+6}
rCorr    +         Harm     .   m - ring of protection from cold
MR       ++...                  w - +3 ring of strength
Stlth    ++++++....             d - ring "Cysmisch" {MR+ Dex+6 Stlth-}
HPRegen  0.31/turn              J - +5 ring of intelligence
MPRegen  0.47/turn              f - ring of the Rabble {+Blink EV+3 Dex+2 SInv}
                                b - ring of the Lonely Curses {rN+ AC+5 Dex+3}
                                y - ring of Robustness {AC+8}

@: gold aura, very slightly contaminated
A: almost no armour, stealthy swim, amphibious, 8 rings, constrict 8, camouflage
1, gelatinous body 1
a: Potion Petition, Call Merchant, Bribe Branch, Renounce Religion, Evoke Blink


You were on level 15 of the Dungeon.
You worshipped Gozag.
Gozag was pleased with you.
You were not hungry.

You visited 8 branches of the dungeon, and saw 33 of its levels.
You also visited: Labyrinth and Ice Cave.

You collected 13162 gold pieces.
You spent 7378 gold pieces at shops.
You paid 5011 gold pieces to Gozag.

Inventory:

Missiles
 C - 583 arrows (quivered)
Armour
 t - the +2 hat of the Bear Spirit {Spirit, +Rage rN+ MR++}
   (You found it on level 1 of the Spider Nest)

   It protects you from negative energy.
   It affects your resistance to hostile enchantments.
   It lets you go berserk.
 M - a +2 buckler of positive energy (worn)
 O - the +1 hat of Sunlight (worn) {rCorr Dex+3}
   (You found it on level 10 of the Dungeon)

   It affects your dexterity (+3).
   It protects you from acid and corrosion.
Jewellery
 b - the ring of the Lonely Curses (on tentacle) {rN+ AC+5 Dex+3}
   (You bought it in a shop on level 1 of the Lair of Beasts)

   [ring of protection]

   It affects your AC (+5).
   It affects your dexterity (+3).
   It protects you from negative energy.
 d - the ring "Cysmisch" (on tentacle) {MR+ Dex+6 Stlth-}
   (You bought it in a shop on level 1 of the Lair of Beasts)

   [ring of loudness]

   It affects your dexterity (+6).
   It affects your resistance to hostile enchantments.
   It makes you less stealthy.
 f - the ring of the Rabble (on tentacle) {+Blink EV+3 Dex+2 SInv}
   (You found it on level 2 of the Lair of Beasts)

   [ring of evasion]

   It affects your evasion (+3).
   It affects your dexterity (+2).
   It lets you see invisible.
   It lets you blink.
 m - a ring of protection from cold (right tentacle)
 n - the ring "Sakhoti" (left tentacle) {rCorr rN+ Str+6}
   (You bought it in a shop on level 1 of the Lair of Beasts)

   [ring of resist corrosion]

   It affects your strength (+6).
   It protects you from negative energy.
 o - the amulet "Roumoij" (around mantle) {RegenMP Str+2 Int+3 Dex+3}
   (You bought it in a shop on level 1 of the Lair of Beasts)

   [amulet of magic regeneration]

   It increases your magic regeneration.
   It affects your strength (+2).
   It affects your intelligence (+3).
   It affects your dexterity (+3).
 w - a +3 ring of strength (on tentacle)
 y - the ring of Robustness (on tentacle) {AC+8}
   (You bought it in a shop on level 1 of the Lair of Beasts)

   [ring of protection]

   It affects your AC (+8).
 J - a +5 ring of intelligence (on tentacle)
Wands
 a - a wand of paralysis (16/24)
 k - a wand of lightning (8/15)
 D - a wand of acid (9/15)
 U - a wand of digging (14/24)
Scrolls
 r - 3 scrolls of identify
 x - 5 scrolls of magic mapping
 B - 6 scrolls of teleportation
 E - a scroll of blinking
 H - 9 scrolls of remove curse
 L - a scroll of amnesia
 N - 3 scrolls of summoning
Potions
 g - 9 potions of curing
 h - a potion of magic
 j - 10 potions of brilliance
 l - a potion of might
 p - 2 potions of haste
 q - a potion of resistance
 G - 3 potions of agility
 K - a potion of invisibility
 R - 4 potions of berserk rage
 W - a potion of heal wounds
Miscellaneous
 u - a box of beasts
 z - a lamp of fire
 I - a fan of gales
 S - a phantom mirror
 V - a phial of floods
Comestibles
 c - 23 bread rations
 i - 6 royal jellies
 s - 2 meat rations


   Skills:
 + Level 9.9 Fighting
 + Level 10.7 Dodging
 - Level 12.2 Stealth
 + Level 7.3 Shields
 * Level 14.6 Unarmed Combat
 - Level 7.6 Spellcasting
 * Level 17.1 Transmutations
 * Level 15.5 Earth Magic
 - Level 3.4 Poison Magic
 - Level 8.2 Evocations


You had 9 spell levels left.
You knew the following spells:

 Your Spells              Type           Power        Failure   Level  Hunger
a - Beastly Appendage     Tmut           ######       0%          1    None
b - Sticks to Snakes      Tmut           #######.     0%          2    None
c - Spider Form           Tmut/Pois      ######....   1%          3    None
d - Dragon Form           Tmut           #######...   4%          7    #######
e - Statue Form           Tmut/Erth      ######...    1%          6    ######.
f - Lee's Rapid Deconstr  Erth           ######....   1%          5    #####..


Dungeon Overview and Level Annotations

Branches:
Dungeon (15/15)            Temple (1/1) D:5            Lair (6/6) D:8
  Swamp (3/4) Lair:4       Spider (3/4) Lair:4        Slime (0/5) Lair:6
    Orc (2/2) D:10            Elf (2/3) Orc:2        Vaults (0/5) D:13
 Depths (1/5) D:15

Altars:
Ashenzari
Cheibriados
Dithmenos
Elyvilon
Fedhas
Gozag
Hepliaklqana
Kikubaaqudgha
Makhleb
Nemelex Xobeh
Okawaru
Qazlal
Ru
Sif Muna
Trog
Uskayaw
Vehumet
Wu Jian
Xom
Yredelemnul
Zin
The Shining One
Jiyva

Shops:
D:6 %   D:10 *[?   Orc:2 =(%%(?*   Elf:2 }   Lair:1 =*[*=

Portals:
Hell: Depths:1

Annotations:
D:3 charan's ghost, amateur DECj
D:15 exclusions: obsidian statue and orange crystal statue
Orc:2 2 runed doors, exclusion: orange crystal statue


Innate Abilities, Weirdness & Mutations

You cannot wear most types of armour.
You are very stealthy in the water. (Stealth+)
You are amphibious.
You can wear up to eight rings at the same time.
You can use your tentacles to constrict eight enemies at once.
Your skin changes colour to match your surroundings (Stealth+).
Your rubbery body absorbs attacks. (AC +1, EV +1)


Message History

You barely miss the ettin. You tentacle-slap the ettin.
You kill the ettin!
A freezing mist starts to gather...
An ettin simulacrum comes into view.
Unknown command.
Items here: ! $ )) [ 25 gold pieces; a dire flail x2; a potion of blood; a robe The ettin simulacrum hits you!!
The ettin simulacrum freezes you! You resist.
The ettin simulacrum completely misses you.
There is an open door, spattered with blood here.
You batter the ettin simulacrum!!
You squeeze the ettin simulacrum, but do no damage.
The ettin simulacrum is heavily damaged.
The ettin simulacrum hits you!!
* * * LOW HITPOINT WARNING * * *
The ettin simulacrum freezes you! You resist.
* * * LOW HITPOINT WARNING * * *
The ettin simulacrum hits you!!
You die...
Your body crumbles into a pile of gold.

##.##.# #...#.#
......# ......##
.......# .......#
.....#############
#...###≈≈.......Z#
##### #≈.#≈≈≈###@#
###......#[.$#
#####.'.##≈..'.>.#
......#......#!$.#
#######≈.#≈≈≈###'#
#≈≈.(.((.(.#
############


You could see an ettin simulacrum.

Vanquished Creatures
  A juggernaut (D:15)
  Rupert (Lair:4)
  2 thorn hunters (Swamp:3)
  Agnes (Spider:2)
  Donald (Swamp:1)
  2 orc warlords (Orc:2)
  A deep elf sorcerer (Elf:1)
  Louise (Elf:2)
  5 very ugly things (D:15)
  2 stone giants
  5 entropy weavers
  A vampire knight (D:15)
  A deep elf annihilator (Elf:1)
  A deep elf demonologist (Elf:1)
  Azrael (Elf:2)
  An ettin (D:15)
  A deep elf death mage (Elf:2)
  A great orb of eyes (D:15)
  A yaktaur captain (D:15)
  4 ogre magi (Orc:2)
  14 hydras
  7 alligators
  3 catoblepae (Lair:6)
  2 death knights (D:15)
  15 two-headed ogres
  A queen ant (Lair:6)
  A tengu warrior (D:15)
  5 centaur warriors
  A vampire mage (D:15)
  6 death yaks (Lair:6)
  4 hell knights
  6 spriggans
  26 deep elf knights
  2 spriggan druids
  6 unseen horrors
  4 swamp dragons
  2 shambling mangroves (Swamp:3)
  12 deep elf archers
  2 necromancers (D:15)
  A wolf spider zombie (D:15)
  3 orc knights
  6 orb spiders
  2 orc sorcerers
  13 wolf spiders
  57 deep elf magi
  4 manticores
  5 ugly things
  4 cyclopes
  3 elephants (Lair:6)
  3 ice statues (IceCv)
  A gargoyle (D:11)
  A yaktaur (D:15)
  13 spiny frogs
  6 demonic crawlers
  2 komodo dragons
  An efreet (D:15)
  5 rime drakes
  2 polar bears
  2 tengu conjurers (D:13)
  7 trolls
  22 jumping spiders
  A meliai (shapeshifter) (Elf:2)
  3 meliai (D:15)
  19 hornets
  5 tyrant leeches
  17 blink frogs
  A wolf spider simulacrum (D:15)
  Grinder (D:6)
  13 hippogriffs
  9 slime creatures
  5 bog bodies
  A snapping turtle (shapeshifter) (Elf:1)
  A meliai zombie (D:14)
  24 tarantellas
  59 redbacks
  10 wyverns
  43 yaks
  2 water elementals
  4 air elementals
  2 shadows
  5 wraiths
  Grum (D:7)
  3 hungry ghosts
  A steam dragon (D:12)
  2 fire elementals
  5 basilisks
  25 vampire mosquitoes
  3 wargs
  Edmund (D:4)
  14 swamp worms
  17 soldier ants
  12 insubstantial wisps (Swamp:1)
  15 water moccasins
  An acid dragon (D:13)
  2 porcupines
  5 hell hounds
  5 sky beasts
  9 ice beasts
  3 swamp drakes
  29 orc warriors
  3 necrophages
  10 wolves
  4 phantoms
  30 ogres
  10 centaurs
  A big kobold (D:9)
  31 crocodiles
  10 bullfrogs
  3 earth elementals
  2 wyvern skeletons
  3 scorpions
  A hornet simulacrum (D:15)
  6 wights
  3 killer bees (D:7)
  5 electric eels
  5 howler monkeys
  3 bullfrog zombies
  8 crimson imps
  A centaur zombie (D:6)
  A quasit (D:10)
  5 jellies
  15 orc priests
  A wyvern simulacrum (D:14)
  5 centaur skeletons
  3 hounds
  2 bullfrog skeletons
  8 iguanas
  24 worker ants
  22 orc wizards
  5 hell rats (Lair:4)
  2 worker ant zombies
  5 gnolls
  10 adders
  4 shadow imps
  7 oozes
  2 adder skeletons
  An adder zombie (D:8)
  2 worms
  5 dart slugs
  10 leopard geckos
  70 orcs
  9 bats
  8 giant cockroaches
  7 goblins
  4 hobgoblins
  19 jackals
  16 kobolds
  6 quokkas
  5 ball pythons
  13 frilled lizards
  A jackal skeleton (D:5)
  14 rats
  A plant (Lair:2)
1145 creatures vanquished.

Vanquished Creatures (collateral kills)
  A minotaur (Lab)
  A hydra (Lair:5)
  A two-headed ogre (D:9)
  A deep elf archer (Elf:2)
  7 orb spiders
  A moth of wrath (Spider:2)
  3 elephants
  A black mamba (Lair:1)
  2 spiny frogs
  3 demonic crawlers
  2 jumping spiders
  A troll (Orc:1)
  Prince Ribbit (D:5)
  2 hornets
  5 blink frogs
  3 hippogriffs
  A redback (Spider:1)
  A basilisk (Lair:4)
  A wyvern (Lair:4)
  4 yaks
  A soldier ant (Lair:6)
  A swamp drake (D:8)
  4 centaurs (D:11)
  A crocodile (D:8)
  2 wights (D:9)
  An electric eel (Spider:3)
  A jelly (D:5)
  An orc priest (Orc:1)
  An orc wizard (Orc:1)
  2 hell rats (Lair:4)
  4 gnolls (D:11)
  3 orcs
  A rat (D:5)
  2 fungi
  A plant (Lair:4)
68 creatures vanquished.

Vanquished Creatures (others)
  25 dancing weapons
  A deep elf knight (Elf:2)
  A wizard (D:15)
  An ugly thing (IceCv)
  A swamp drake (Swamp:1)
  Blork the orc (D:5)
  An orc (D:15)
  20 fungi
  22 plants
73 creatures vanquished.

Grand Total: 1286 creatures vanquished

Notes
Turn   | Place    | Note
-------+----------+-------------------------------------------
     0 | D:1      | tehllama the Octopode Transmuter began the quest for the Orb.
     0 | D:1      | Reached XP level 1. HP: 13/13 MP: 3/3
    35 | D:1      | Reached XP level 2. HP: 10/18 MP: 5/5
   589 | D:1      | Reached XP level 3. HP: 23/23 MP: 6/6
   866 | D:2      | Reached skill level 1 in Stealth
  1412 | D:2      | Reached XP level 4. HP: 22/28 MP: 5/7
  2008 | D:3      | Reached XP level 5. HP: 13/33 MP: 6/8
  2458 | D:3      | Learned a level 2 spell: Sticks to Snakes
  2462 | D:3      | Learned a level 3 spell: Spider Form
  2602 | D:3      | Found a white marble altar of Elyvilon.
  2727 | D:3      | Noticed charan's ghost (amateur DECj)
  3106 | D:4      | Reached skill level 5 in Unarmed Combat
  3274 | D:4      | Reached XP level 6. HP: 22/38 MP: 7/9
  3482 | D:4      | Noticed a phantom
  3534 | D:4      | Killed a phantom
  3619 | D:4      | Noticed Edmund
  3647 | D:4      | Killed Edmund
  3647 | D:4      | Reached skill level 1 in Poison Magic
  3647 | D:4      | Reached XP level 7. HP: 23/43 MP: 5/10
  4717 | D:5      | Entered Level 5 of the Dungeon
  4758 | D:5      | Noticed Prince Ribbit
  4782 | D:5      | Reached skill level 5 in Stealth
  5016 | D:5      | Reached skill level 1 in Shields
  5160 | D:5      | Found a faded altar of an unknown god.
  5162 | D:5      | Found a staircase to the Ecumenical Temple.
  5173 | Temple   | Entered the Ecumenical Temple
  5291 | Temple   | Became a worshipper of Gozag Ym Sagoz the Greedy
  5379 | D:5      | Reached skill level 3 in Transmutations
  5535 | D:5      | Killed Prince Ribbit
  5582 | D:5      | Reached XP level 8. HP: 42/48 MP: 12/12
  5627 | D:5      | Noticed Blork the orc
  5642 | D:5      | Killed Blork the orc
  5647 | D:5      | Reached skill level 4 in Transmutations
  6468 | D:5      | Found an ancient bone altar of Kikubaaqudgha.
  6886 | D:6      | Found Ithracab's Food Boutique.
  6902 | D:6      | Noticed Grinder
  6906 | D:6      | Paralysed by Grinder for 4 turns
  6916 | D:6      | Paralysed by Grinder for 2 turns
  6922 | D:6      | Paralysed by Grinder for 6 turns
  6933 | D:6      | Killed Grinder
  6933 | D:6      | Reached skill level 1 in Evocations
  7214 | D:6      | Found an iron altar of Okawaru.
  7218 | D:6      | Found a glowing silver altar of Zin.
  7225 | D:6      | Reached XP level 9. HP: 51/53 MP: 14/14
  7724 | D:7      | Reached skill level 5 in Transmutations
  8784 | D:8      | Noticed Grum
  9277 | D:7      | Killed Grum
  9926 | D:8      | Reached XP level 10. HP: 36/61 MP: 16/16
 10275 | D:8      | Reached skill level 6 in Transmutations
 10278 | D:8      | Found a deep blue altar of Sif Muna.
 10659 | D:8      | Found a staircase to the Lair.
 10736 | Lair:1   | Entered Level 1 of the Lair of Beasts
 10797 | Lair:1   | Found a labyrinth entrance.
 10807 | Lab      | Entered a labyrinth
 11156 | Lab      | Reached skill level 5 in Dodging
 11879 | Lab      | Noticed a minotaur
 11891 | Lab      | Killed a minotaur
 11895 | Lab      | Identified Leloef's Almanac of Moulding
 11981 | Lair:1   | Learned a level 7 spell: Dragon Form
 11987 | Lair:1   | Learned a level 5 spell: Lee's Rapid Deconstruction
 11993 | Lair:1   | Bought a small steel ring for 125 gold pieces
 11993 | Lair:1   | Bought a scroll labeled JUIMPE ASAIR for 25 gold pieces
 11993 | Lair:1   | Bought a scroll of identify for 50 gold pieces
 12198 | Lair:1   | Noticed a black mamba
 12217 | Lair:1   | Killed a black mamba
 12217 | Lair:1   | Reached skill level 7 in Transmutations
 12247 | Lair:1   | Reached skill level 5 in Spellcasting
 12454 | D:9      | Reached skill level 1 in Earth Magic
 12819 | D:9      | Noticed a two-headed ogre
 13025 | D:9      | Reached XP level 11. HP: 68/68 MP: 18/18
 13061 | D:9      | Killed a two-headed ogre
 13403 | D:10     | Entered Level 10 of the Dungeon
 13411 | D:10     | Found Xero Vuwku's Antique Armour Shop.
 13479 | D:10     | Got a bloodstained hat
 13542 | D:10     | Identified the +1 hat of Sunlight {rCorr Dex+3} (You found it on level 10 of the Dungeon)
 13544 | D:10     | Found a staircase to the Orcish Mines.
 13753 | D:10     | Found Icoodeps's Magic Scroll Shoppe.
 13760 | D:10     | Bought a scroll of identify for 22 gold pieces
 13760 | D:10     | Bought a scroll of fog for 22 gold pieces
 13760 | D:10     | Bought a scroll of fear for 38 gold pieces
 13871 | D:10     | Found Ryriwiti's Assorted Antiques.
 13882 | D:10     | Bought a scroll of identify for 66 gold pieces
 13882 | D:10     | Bought 2 scrolls of identify for 132 gold pieces
 13882 | D:10     | Bought a twisted pearl ring for 165 gold pieces
 14597 | D:11     | Found an opulent altar of Gozag.
 15049 | D:11     | Learned a level 6 spell: Statue Form
 15747 | Lair:2   | Got a scorched amber ring
 15759 | Lair:2   | Identified the ring of the Rabble {+Blink EV+3 Dex+2 SInv} (You found it on level 2 of the Lair of Beasts)
 16037 | Lair:2   | Reached skill level 8 in Transmutations
 17382 | Lair:3   | Noticed a six-headed hydra
 17811 | Lair:3   | Reached skill level 9 in Transmutations
 17957 | Lair:3   | Reached skill level 5 in Earth Magic
 17957 | Lair:3   | Reached XP level 12. HP: 74/75 MP: 20/20
 18613 | Lair:3   | Upgraded the game from 0.21-a0-216-g6d3fd91 to 0.21-a0-221-gfe971b9
 18664 | Lair:1   | Bought a gluggy blue potion for 22 gold pieces
 18666 | Lair:1   | Bought an uncursed ring of wizardry for 480 gold pieces
 19224 | Lair:4   | Reached skill level 10 in Transmutations
 19434 | Lair:3   | Noticed a seven-headed hydra
 20617 | Lair:3   | Noticed a seven-headed hydra
 20966 | Lair:4   | Noticed Rupert
 21045 | Lair:4   | Killed Rupert
 21045 | Lair:4   | Reached skill level 11 in Transmutations
 21061 | Lair:4   | Found a staircase to the Swamp.
 21839 | Lair:5   | Noticed a seven-headed hydra
 21847 | Lair:5   | Killed a seven-headed hydra
 21847 | Lair:5   | Reached XP level 13. HP: 81/81 MP: 21/21
 22572 | Lair:4   | Reached skill level 12 in Transmutations
 22707 | Lair:6   | Entered Level 6 of the Lair of Beasts
 22780 | Lair:6   | Found a staircase to the Slime Pits.
 22781 | Lair:6   | Found a viscous altar of Jiyva.
 22965 | Lair:6   | Reached skill level 10 in Earth Magic
 23437 | Lair:6   | Noticed an entropy weaver
 23459 | Lair:6   | Killed an entropy weaver
 23492 | Lair:6   | Reached skill level 13 in Transmutations
 23502 | Lair:6   | Noticed an entropy weaver
 23516 | Lair:6   | Killed an entropy weaver
 24216 | Lair:6   | Reached XP level 14. HP: 86/86 MP: 22/22
 24268 | Lair:6   | Reached skill level 5 in Fighting
 24587 | Lair:6   | Reached skill level 10 in Unarmed Combat
 25424 | Lair:1   | Bought the ring of the Lonely Curses {rN+ AC+5 Dex+3} for 1160 gold pieces
 25424 | Lair:1   | Bought the ring "Sakhoti" {rCorr rN+ Str+6} for 700 gold pieces
 25551 | Orc:1    | Entered Level 1 of the Orcish Mines
 25801 | Orc:1    | Noticed a stone giant
 25817 | Orc:1    | Killed a stone giant
 25855 | Orc:1    | Found a frozen archway.
 26007 | IceCv    | Entered an ice cave
 26018 | IceCv    | Reached skill level 5 in Evocations
 26946 | Orc:1    | Reached skill level 10 in Stealth
 27173 | Orc:2    | Entered Level 2 of the Orcish Mines
 27174 | Orc:2    | Found a runed door.
 27220 | Orc:2    | Found Nacur's Weapon Boutique.
 27265 | Orc:2    | Found the +10 large shield of Ignorance {rN+ Int-4}
 27363 | Orc:2    | Found Qife Zea's Jewellery Shop.
 27377 | Orc:2    | Found a staircase to the Elven Halls.
 27406 | Orc:2    | Found a runed door.
 27581 | Orc:2    | Noticed an orc warlord
 27613 | Orc:2    | Killed an orc warlord
 27775 | Orc:2    | Found Ejim's General Store.
 28137 | Orc:2    | Paralysed by an ogre mage for 5 turns
 28289 | Orc:2    | Reached XP level 15. HP: 90/94 MP: 22/24
 28291 | Orc:2    | Paralysed by an ogre mage for 7 turns
 28299 | Orc:2    | Reached skill level 14 in Transmutations
 28642 | Orc:2    | Noticed an orc warlord
 28679 | Orc:2    | Killed an orc warlord
 29004 | Orc:2    | Found Qaelum's Magic Scroll Shoppe.
 29004 | Orc:2    | Found Imiyrip's Antique Weapon Shop.
 29005 | Orc:2    | Found Tebooh's Food Shop.
 29005 | Orc:2    | Found Meubbe Hytso's Food Emporium.
 29012 | Orc:2    | Bought a scroll of identify for 24 gold pieces
 29012 | Orc:2    | Bought a scroll of identify for 24 gold pieces
 29012 | Orc:2    | Bought a scroll of amnesia for 42 gold pieces
 29012 | Orc:2    | Bought a scroll of remove curse for 36 gold pieces
 29012 | Orc:2    | Bought a scroll of remove curse for 36 gold pieces
 29079 | Orc:2    | Bought a scroll of magic mapping for 56 gold pieces
 29102 | Orc:2    | Bought a bread ration for 55 gold pieces
 29102 | Orc:2    | Bought a royal jelly for 22 gold pieces
 29102 | Orc:2    | Bought a meat ration for 55 gold pieces
 29102 | Orc:2    | Bought a bread ration for 55 gold pieces
 29102 | Orc:2    | Bought a meat ration for 55 gold pieces
 29102 | Orc:2    | Bought a royal jelly for 22 gold pieces
 29102 | Orc:2    | Bought a bread ration for 55 gold pieces
 29102 | Orc:2    | Bought a meat ration for 55 gold pieces
 29102 | Orc:2    | Bought a meat ration for 55 gold pieces
 29102 | Orc:2    | Bought a meat ration for 55 gold pieces
 29102 | Orc:2    | Bought a meat ration for 55 gold pieces
 29483 | Lair:1   | Bought the ring of Robustness {AC+8} for 2048 gold pieces
 29483 | Lair:1   | Found the ring of Robustness {AC+8}
 29632 | Elf:1    | Entered Level 1 of the Elven Halls
 30282 | Elf:1    | Noticed a deep elf sorcerer
 30286 | Elf:1    | Killed a deep elf sorcerer
 30643 | Elf:1    | Reached XP level 16. HP: 103/103 MP: 20/26
 31614 | Elf:2    | Reached skill level 15 in Transmutations
 31650 | Elf:2    | Found Aguugg's Gadget Boutique.
 31786 | Elf:2    | Found a huge runed gate.
 31786 | Elf:2    | Found a huge runed gate.
 31786 | Elf:2    | Found a huge runed gate.
 31786 | Elf:2    | Found a huge runed gate.
 31786 | Elf:2    | Found a huge runed gate.
 31893 | Elf:2    | Noticed Louise
 32057 | Elf:2    | Noticed Azrael
 32073 | Elf:2    | Killed Azrael
 32646 | Elf:2    | Killed Louise
 32649 | Elf:2    | Got a faintly humming large shield
 32694 | Elf:2    | Identified the +4 large shield of Qiplin {Str+4} (You took it off Louise on level 2 of the Elven Halls)
 32727 | Elf:2    | Reached XP level 17. HP: 109/109 MP: 18/28
 33124 | Lair:1   | Bought the amulet "Roumoij" {RegenMP Str+2 Int+3 Dex+3} for 860 gold pieces
 34446 | D:13     | Found a gate to the Vaults.
 35648 | D:15     | Entered Level 15 of the Dungeon
 36100 | D:15     | Reached skill level 5 in Shields
 36880 | D:15     | Found a staircase to the Depths.
 37129 | Lair:1   | Learned a level 5 spell: Lee's Rapid Deconstruction
 37995 | Lair:4   | Found a hole to the Spider Nest.
 38018 | Spider:1 | Entered Level 1 of the Spider Nest
 38023 | Spider:1 | Reached skill level 16 in Transmutations
 38534 | Spider:1 | Reached XP level 18. HP: 117/117 MP: 29/29
 38588 | Spider:1 | Found the +2 hat of the Bear Spirit {Spirit, +Rage rN+ MR++}
 39180 | Spider:2 | Noticed Agnes
 39187 | Spider:2 | Killed Agnes
 40532 | Spider:3 | Reached skill level 10 in Dodging
 40845 | Lair:1   | Bought a clouded lapis lazuli ring for 160 gold pieces
 40846 | Lair:1   | Identified the ring "Cysmisch" {MR+ Dex+6 Stlth-} (You bought it in a shop on level 1 of the Lair of Beasts)
 40932 | Swamp:1  | Entered Level 1 of the Swamp
 41139 | Swamp:1  | Noticed Donald
 41147 | Swamp:1  | Killed Donald
 42034 | Swamp:2  | Reached skill level 15 in Earth Magic
 42748 | Swamp:3  | Reached XP level 19. HP: 116/124 MP: 30/30
 43719 | Orc:2    | Bought a royal jelly for 26 gold pieces
 43719 | Orc:2    | Bought a royal jelly for 26 gold pieces
 43719 | Orc:2    | Bought a royal jelly for 26 gold pieces
 43719 | Orc:2    | Bought a bread ration for 65 gold pieces
 43719 | Orc:2    | Bought a meat ration for 65 gold pieces
 43719 | Orc:2    | Bought a bread ration for 65 gold pieces
 43719 | Orc:2    | Bought a royal jelly for 26 gold pieces
 43719 | Orc:2    | Bought a royal jelly for 26 gold pieces
 43719 | Orc:2    | Bought a royal jelly for 26 gold pieces
 43719 | Orc:2    | Bought a meat ration for 65 gold pieces
 43719 | Orc:2    | Bought a bread ration for 65 gold pieces
 43719 | Orc:2    | Bought a bread ration for 65 gold pieces
 43903 | Depths:1 | Entered Level 1 of the Depths
 43903 | Depths:1 | Found a gateway to Hell.
 43929 | Depths:1 | Noticed a juggernaut
 43970 | D:15     | Killed a juggernaut
 43970 | D:15     | Reached skill level 17 in Transmutations
 44220 | Depths:1 | Noticed a juggernaut
 44336 | D:15     | HP: 6/126 [ettin simulacrum (17)]
 44336 | D:15     | Annihilated by an ettin simulacrum

Vault maps used:
D:1:      mrwooster_arrival_arrow
D:2:      cheibrodos_old_hovel
D:3:      lemuel_round_altar, first_bread
D:4:      uniq_edmund
D:5:      kiku_gazebo_pond_becter, nicolae_temple_entry_ecumenical,
          uniq_blork_the_orc, uniq_prince_ribbit1
D:6:      grunt_temple_overflow_open, serial_shops, shop,
          kennysheep_generic_room_2, uniq_grinder
D:8:      erik_lair_dragon, hangedman_little_slice_of_home, tgw_sif, uniq_grum
D:10:     david_orc_3, serial_shops, shop_coins, nicolae_shop_crystal,
          nicolae_shop_overgrown_old_shop
D:11:     nicolae_gozag_seed_capital
D:13:     erik_vaults_1
D:14:     hangedman_abyss_or_decor_lesser_grid
D:15:     grunt_enter_depths_snipers, serial_glass, glass_columns_b,
          glass_columns_c, item_on_display_a, due_unseen_surprise,
          minmay_strange_pillars, minmay_more_statues
Temple:   compressed_dpeg_circular_temple
Lair:1:   lab_entry_generic
Lair:2:   st_stairs_13, serial_bayou_lagoon_b
Lair:3:   lemuel_reptile_caves
Lair:4:   minmay_swamp_entry_swarm, spider_nest_entry_funnel_web, uniq_rupert
Lair:5:   grunt_megastairs_4
Lair:6:   evilmike_catoblepas_cave, slime_altar_1, zaba_antful_of_joy
Swamp:1:  hangedman_swamp_blocks, uniq_donald
Swamp:2:  serial_swamp_ruin, evilmike_swamp_ruin_rubble_2,
          evilmike_swamp_ruin_rubble_1, swamp_pool1, nicolae_swamp_little_tower,
          infiniplex_staircase_pool_2
Swamp:3:  infiniplex_staircase_pool
Spider:1: nicolae_spider_webbed_stairs
Spider:2: lemuel_spider_zombies, uniq_agnes
Orc:1:    portal_ice_cave_rime
Orc:2:    st_orc_ogre_mass, serial_shops, shop, shop, shop,
          chequers_guarded_unrand_ignorance
Elf:1:    eino_elf_arrival_customs, hangedman_elf_represent,
          minmay_fountain_box, spider_trap
Elf:2:    serial_shops, shop, uniq_azrael, uniq_louise
Depths:1: hell_entry, pan_entry, grunt_decor_one_mirror,
          nicolae_twisting_strands, evilmike_ambush
Lab:      nicolae_lab_checkerboard, nicolae_lab_stuck, nicolae_lab_x,
          nicolae_lab_grate_2, nicolae_lab_do_over, labyrinth_glass_1
IceCv:    ice_cave_statue_garden_chambered

Skill      XL: |  1  2  3  4  5  6  7  8  9 10 11 12 13 14 15 16 17 18 19 |
---------------+----------------------------------------------------------+-----
Stealth        | 2 3 4 5 6 7 8 9 10 11 12 | 12.2
Unarmed Combat | 4 5 6 7 8 9 10 11 12 13 14 | 14.6
Poison Magic   | 1 2 3 |  3.4
Shields        | 1 2 3 4 5 6 7 |  7.3
Transmutations | 3 4 5 7 9 11 13 14 15 16 17 | 17.1
Dodging        | 3 4 5 6 7 8 9 10 | 10.7
Spellcasting   | 3 4 5 6 7 |  7.6
Evocations     | 1 3 4 5 6 8 |  8.2
Fighting       | 2 3 4 5 7 8 9 |  9.9
Earth Magic    | 1 5 9 11 12 13 14 15 | 15.5

Action                   |  1- 3 |  4- 6 |  7- 9 | 10-12 | 13-15 | 16-18 | 19-21 || total
-------------------------+-------+-------+-------+-------+-------+-------+-------++-------
Melee: Unarmed           |    89 |   146 |   344 |   666 |   820 |  1003 |   132 ||  3200
       Constrict         |    24 |    36 |    44 |    43 |   101 |   205 |    16 ||   469
       Tentacles         |    18 |    18 |    33 |    45 |   201 |   313 |    49 ||   677
       Punch             |     2 |     6 |     8 |    22 |    64 |   151 |    29 ||   282
       Kick              |       |    12 |    23 |    24 |    42 |    13 |       ||   114
 Fire: Blowgun           |       |     2 |       |       |       |       |       ||     2
 Cast: Beastly Appendage |     2 |     6 |    17 |    18 |    17 |     4 |       ||    64
       Spider Form       |       |     2 |    19 |    64 |    11 |       |       ||    96
       Sticks to Snakes  |       |     2 |    12 |   105 |    21 |    53 |       ||   193
       Statue Form       |       |       |       |     2 |    45 |    86 |     8 ||   141
Invok: Call Merchant     |       |       |       |     2 |       |     2 |     1 ||     5
       Potion Petition   |       |       |       |       |     1 |       |       ||     1
 Abil: End Transformatio |       |       |       |     2 |       |       |       ||     2
       Evoke Blink       |       |       |       |       |       |     2 |       ||     2
Evoke: Wand              |       |       |     2 |    13 |       |     1 |       ||    16
       Lamp of fire      |       |       |       |       |     1 |       |       ||     1
  Use: Scroll            |       |     3 |    11 |    18 |    10 |    17 |     2 ||    61
       Potion            |       |       |     2 |    10 |     3 |     5 |       ||    20
 Stab: Sleeping          |     4 |     5 |    13 |    16 |     4 |    27 |       ||    69
       Distracted        |       |     1 |     5 |     6 |    14 |    17 |     2 ||    45
       Petrified         |       |       |       |       |     1 |       |       ||     1
  Eat: Chunk             |     2 |     7 |     6 |       |       |       |       ||    15
       Meat ration       |       |       |     2 |     4 |     6 |    11 |       ||    23
       Royal jelly       |       |       |     1 |     8 |     6 |     8 |     2 ||    25
       Fruit             |       |       |     4 |     7 |     1 |     4 |       ||    16
       Bread ration      |       |       |     1 |     1 |     1 |     1 |     2 ||     6
Armor: Skin              |     6 |     9 |    25 |    65 |   422 |   409 |    48 ||   984
Dodge: Dodged            |    61 |    79 |   260 |   603 |   842 |  1011 |   127 ||  2983
Block: Buckler           |       |     3 |    54 |    59 |   341 |   482 |    83 ||  1022

Table legend:
 A = Spawn XP
 B = Non-spawn XP
 C = Spawn XP percentage of total XP
 D = Spawn monster count
 E = Non-spawn monster count
 F = Spawn count percentage of total count
 G = Total turns spent on level
                    A         B        C        D         E        F      G
               +---------+---------+-------+---------+---------+-------+---------
         Total |   48908 |  304488 |  13.8 |     201 |    1037 |  16.2 | 44336
               +---------+---------+-------+---------+---------+-------+---------
           D:1 |       8 |      35 |  18.6 |       4 |      17 |  19.0 |   733
           D:2 |      19 |      32 |  37.3 |       8 |      18 |  30.8 |  1085
           D:3 |      10 |     123 |   7.5 |       6 |      33 |  15.4 |  1281
           D:4 |      55 |     461 |  10.7 |       8 |      11 |  42.1 |  2051
           D:5 |      70 |    1088 |   6.0 |       4 |      29 |  12.1 |  1556
           D:6 |      71 |     832 |   7.9 |       4 |      17 |  19.0 |   848
           D:7 |      56 |    1373 |   3.9 |       3 |      18 |  14.3 |  2006
           D:8 |     138 |    1384 |   9.1 |       3 |      23 |  11.5 |  1639
           D:9 |     121 |    1478 |   7.6 |       1 |      23 |   4.2 |   883
          D:10 |      48 |    1399 |   3.3 |       1 |      12 |   7.7 |  1110
          D:11 |     365 |    1268 |  22.4 |       3 |      14 |  17.6 |  1264
          D:12 |     127 |    5073 |   2.4 |       1 |      22 |   4.3 |   888
          D:13 |     259 |    7664 |   3.3 |       2 |      30 |   6.2 |   750
          D:14 |      43 |    3882 |   1.1 |       1 |      10 |   9.1 |   839
          D:15 |    2122 |   45078 |   4.5 |       8 |      70 |  10.3 |  1821
        Lair:1 |    1029 |    1367 |  42.9 |       3 |       9 |  25.0 |  1325
        Lair:2 |    3006 |    4009 |  42.9 |      17 |      22 |  43.6 |  1993
        Lair:3 |    3954 |    4242 |  48.2 |      11 |      38 |  22.4 |  2555
        Lair:4 |    1357 |   10860 |  11.1 |       8 |      46 |  14.8 |  2565
        Lair:5 |    1132 |    4508 |  20.1 |       3 |      13 |  18.8 |   887
        Lair:6 |    1968 |   24332 |   7.5 |       6 |      83 |   6.7 |  2520
       Swamp:1 |    2626 |    9816 |  21.1 |       7 |      40 |  14.9 |   785
       Swamp:2 |    3050 |    8275 |  26.9 |       7 |      21 |  25.0 |   842
       Swamp:3 |    2528 |   19385 |  11.5 |       5 |      35 |  12.5 |   884
      Spider:1 |    3049 |   15768 |  16.2 |      10 |      52 |  16.1 |  1103
      Spider:2 |    1423 |   17227 |   7.6 |       6 |      52 |  10.3 |   943
      Spider:3 |    2657 |    6398 |  29.3 |       8 |      23 |  25.8 |   630
         Orc:1 |     282 |    3791 |   6.9 |       5 |      30 |  14.3 |   910
         Orc:2 |    1463 |   24957 |   5.5 |      23 |      95 |  19.5 |  2389
         Elf:1 |    6294 |   32989 |  16.0 |      10 |      54 |  15.6 |  1583
         Elf:2 |    9578 |   39921 |  19.3 |      15 |      61 |  19.7 |  1835
      Depths:1 |       0 |     815 |   0.0 |       0 |       1 |   0.0 |    16
           Lab |       0 |    1572 |   0.0 |       0 |       4 |   0.0 |  1092
         IceCv |       0 |    3086 |   0.0 |       0 |      11 |   0.0 |   594
               +---------+---------+-------+---------+---------+-------+---------
